 Dungeon Crawl Stone Soup version 0.31.0-1-g2c135a0 (webtiles) character file.

Game seed: 15884746707239314768

177 sdynet the Trooper (level 5, -5/46 HPs)
             Began as a Human Fighter on Jan 20, 2024.
             Slain by a gnoll
             ... wielding a +0 flail
              (10 damage)
             ... on level 3 of the Dungeon.
             The game lasted 00:03:39 (2406 turns).

sdynet the Trooper (Human Fighter)                  Turns: 2406, Time: 00:03:39

Health: -5/46      AC:  7    Str: 24    XL:     5   Next: 57%
Magic:  5/5        EV: 10    Int:  9    God:
Gold:   144        SH:  4    Dex: 12    Spells: 4/4 levels left

rFire   + . .        a - +1 morningstar (vamp)
rCold   + . .        c - +0 buckler
rNeg    . . .        b - +0 scale mail
rPois   +            (no helmet)
rElec   +            (no cloak)
rCorr   +            f - +0 pair of gloves
SInv    .            (no boots)
Will    .....        (no amulet) Stlth
                     k - +6 ring of strength
HPRegen 0.27/turn    (no ring)
MPRegen 0.09/turn

%: no passive effects
@: resistant
A: explore regen
a: no special abilities


You were on level 3 of the Dungeon.
You visited 1 branch of the dungeon, and saw 3 of its levels.

You collected 144 gold pieces.

Inventory:

Hand Weapons
 a - a +1 vampiric morningstar (weapon)
 d - a +2 dagger of venom
 j - a +0 war axe
Armour
 b - a +0 scale mail (worn)
 c - a +0 buckler (worn)
 f - a +0 pair of gloves (worn)
Jewellery
 k - a +6 ring of strength (left hand)
Talismans
 h - a maw talisman
Scrolls
 e - a scroll of fear {!r}
 l - 2 scrolls of teleportation {!r}
Potions
 g - a potion of haste {!q}
 m - a potion of attraction


   Skills:
 + Level 5.8 Fighting
 - Level 2.0 Axes
 - Level 3.0 Armour
 + Level 1.3 Dodging
 - Level 3.0 Shields


You had 4 spell levels left.
You didn't know any spells.
Your spell library was empty.

Dungeon Overview and Level Annotations

Branches:
Dungeon (3/15)

Altars:
Hepliaklqana
Kikubaaqudgha
Qazlal
Ru


Innate Abilities, Weirdness & Mutations

You regain HP and MP as you explore.


Message History

The gnoll hits you but does no damage.
You hit the gnoll.
The gnoll looks as sick as possible!
The gnoll is heavily wounded.
The gnoll barely misses you.
You closely miss the gnoll.
The gnoll is severely wounded.
The gnoll hits you with a +0 spear.
You hit the gnoll.
You kill the gnoll!
The gnoll hits you from afar with a +0 halberd!
The gnoll barely misses you.
Things that are here:
a +0 spear; a +0 leather armour You hit the gnoll.
The gnoll is poisoned.
The gnoll is lightly wounded.
The gnoll hits you with a +0 halberd!
You hit the gnoll but do no damage.
The gnoll looks as sick as possible!
The gnoll is lightly wounded.
The gnoll barely misses you.
You barely miss the gnoll.
The gnoll is moderately wounded.
The gnoll hits you with a +0 halberd!
Your +2 dagger of venom stops dripping with poison.
You feel a sense of dread.
a - a +1 vampiric morningstar (weapon)
You closely miss the gnoll.
The gnoll is heavily wounded.
The gnoll misses you. The gnoll hits you but does no damage.
You closely miss the gnoll.
The gnoll is almost dead.
The gnoll hits you with a +0 halberd!
* * * LOW HITPOINT WARNING * * *
You sock the gnoll!
You feel better.
You kill the gnoll!
The gnoll hits you with a +0 flail!
* * * LOW HITPOINT WARNING * * *
It was a potion of resistance.
You feel protected. The gnoll hits you with a +0 flail!
You die...

##### #.# ......
#.# .###.. #.#
#.. #.# #.. #.#
#.. #.# #..
#.####.# ......
#########....=.#
###### #
......g@..[....#
#.###
##############.#
### #..<# # #..
##### #.# #<.
#.. #.. #.# #..


You could see a gnoll.

Vanquished Creatures
  A hound (D:3)
  An orc priest (D:3)
  Terence (D:2)
  An adder (D:3)
  2 gnolls (D:3)
  2 dart slugs (D:1)
  A ribbon worm (D:3)
  5 orcs (D:3)
  3 ball pythons
  9 bats
  4 endoplasms
  A giant cockroach (D:2)
  A goblin (D:2)
  5 hobgoblins
  4 jackals (D:1)
  A kobold (D:3)
  A quokka (D:1)
  2 frilled lizards
  5 rats
50 creatures vanquished.

Notes
Turn   | Place    | Note
-------+----------+-------------------------------------------
     0 | D:1      | sdynet the Human Fighter began the quest for the Orb.
     0 | D:1      | Reached XP level 1. HP: 18/18 MP: 1/1
    54 | D:1      | Reached XP level 2. HP: 13/24 MP: 2/2
   591 | D:1      | Reached skill level 4 in Fighting
   707 | D:1      | Reached XP level 3. HP: 30/30 MP: 3/3
  1454 | D:2      | Noticed Terence
  1467 | D:2      | Killed Terence
  1468 | D:2      | Reached XP level 4. HP: 13/38 MP: 4/4
  1954 | D:3      | Reached skill level 5 in Fighting
  1999 | D:3      | Reached skill level 1 in Dodging
  2030 | D:3      | Reached XP level 5. HP: 38/44 MP: 5/5
  2232 | D:3      | Found a sacrificial altar of Ru.
  2233 | D:3      | Found a hazy altar of Hepliaklqana.
  2233 | D:3      | Found an ancient bone altar of Kikubaaqudgha.
  2248 | D:3      | Found a stormy altar of Qazlal.
  2406 | D:3      | Slain by a gnoll

Illustrated notes

Levels and vault maps discovered:
D:1:      saegor_arrival_simple_d, layout_basic, serial_curves, eino_curves_02,
          eino_curves_02
D:2:      layout_loops_ring, uniq_terence
D:3:      layout_basic, nicolae_overflow_quartered_altars

Skill      XL: |  1  2  3  4 |
---------------+-------------+-----
Fighting       | 4 5 |  5.8
Dodging        | 1 |  1.3
Axes           | |  2.0
Armour         | |  3.0
Shields        | |  3.0

Action                     |  1- 3 |  4- 6 || total
---------------------------+-------+-------++-------
  Melee: War axe           |    80 |    58 ||   138
         Dagger            |       |     8 ||     8
         Morningstar       |       |     3 ||     3
    Use: Potion            |     2 |     4 ||     6
         Scroll            |     2 |     3 ||     5
 Armour: Scale mail        |    53 |    61 ||   114
         Skin              |     3 |       ||     3
  Dodge: Dodged            |    43 |    40 ||    83
  Block: Buckler           |    28 |    15 ||    43
